 Dungeon Crawl Stone Soup version 0.26-a0-540-g8a0c9464d7 (webtiles) character file.

Game seed: 1023447454384300050

14 Lanoc the Ducker (level 2, -4/21 HPs)
             Began as a Halfling Monk on Aug 15, 2020.
             Slain by a gnoll (9 damage)
             ... on level 2 of the Dungeon.
             The game lasted 00:00:44 (375 turns).

Lanoc the Ducker (Halfling Monk)                     Turns: 375, Time: 00:00:44

Health: -4/21      AC:  2    Str: 12    XL:     2   Next: 60%
Magic:  2/2        EV: 16    Int:  8    God:
Gold:   27         SH:  0    Dex: 16    Spells: 1/1 levels left

rFire    . . .     SeeInvis .   a - +0 falchion
rCold    . . .     Faith    .   (shield restricted)
rNeg     . . .     Spirit   .   b - +0 robe
rPois    .         Reflect  .   (no helmet)
rElec    .         Harm     .   f - scarf {repulsion}
rCorr    .                      (no gloves)
MR       .....                  (no boots)
Stlth    ++........             (no amulet)
HPRegen  0.07/turn              (no ring)
MPRegen  0.08/turn              (no ring)

@: repel missiles
A: small, mutation resistance 1
a: no special abilities


You were on level 2 of the Dungeon.
You visited 1 branch of the dungeon, and saw 2 of its levels.

You collected 27 gold pieces.

Inventory:

Hand Weapons
 a - a +0 falchion (weapon)
Armour
 b - a +0 robe (worn)
 f - a scarf of repulsion (worn)
Scrolls
 e - a scroll of teleportation {unknown}
 g - a scroll of remove curse {unknown}
Potions
 c - a potion of magic {unknown}
 d - a potion of stabbing {unknown}
 h - a potion of degeneration {unknown}


   Skills:
 + Level 3.1 Fighting
 - Level 3.0 Long Blades
 + Level 3.7 Dodging
 - Level 2.1 Stealth


You had one spell level left.
You didn't know any spells.
Your spell library was empty.

Dungeon Overview and Level Annotations

Branches:
Dungeon (2/15)

Altars:


Innate Abilities, Weirdness & Mutations

You are small and have problems with some larger weapons.
You are somewhat resistant to further mutation.


Message History

You are too injured to fight recklessly!
You are too injured to fight recklessly!
You are too injured to fight recklessly!
You are too injured to fight recklessly!
You are too injured to fight recklessly!
You are too injured to fight recklessly!
You are too injured to fight recklessly!
You are too injured to fight recklessly!
You hit the gnoll.
The gnoll is heavily wounded.
The gnoll hits you.
* * * LOW HITPOINT WARNING * * *
You hit the gnoll.
The gnoll is almost dead.
The gnoll misses you.
You riposte.
You closely miss the gnoll.
The gnoll is almost dead.
You hit the gnoll but do no damage.
The gnoll is almost dead.
The gnoll hits you!
You die...

.######.# ........#
##########..# #....# #..#
#....# #.†# #....# #..# #
#....# #...
#####.###########....######†#
..........gg@.[..............
..........#################..
.....####.#.......... ###..
.....'...g.........?. #....
.....####..)......... #....
## #............ #....
#....?....... #....
#............ #....
.............. #....


You could see 2 gnolls.

Vanquished Creatures
  2 giant cockroaches (D:2)
  A hobgoblin (D:2)
  6 jackals (D:2)
  A quokka (D:2)
  A bat (D:2)
11 creatures vanquished.

Notes
Turn   | Place    | Note
-------+----------+-------------------------------------------
     0 | D:1      | Lanoc the Halfling Monk began the quest for the Orb.
     0 | D:1      | Reached XP level 1. HP: 15/15 MP: 1/1
    60 | D:2      | Reached XP level 2. HP: 8/20 MP: 2/2
   375 | D:2      | Slain by a gnoll

Illustrated notes

Levels and vault maps discovered:
D:1:      scummos_arrival_hexagon, layout_loops_ring, minivault_14,
          minmay_pentomino_r4
D:2:      layout_basic, tso_altar, uniq_natasha, uniq_jessica

Skill      XL: |  1  2 |
---------------+-------+-----
Fighting       | 3 |  3.1
Long Blades    | |  3.0
Dodging        | |  3.7
Stealth        | |  2.1

Action                   || total
-------------------------++-------
Melee: Falchion          ||    32
Armor: Robe              ||     3
Dodge: Dodged            ||    31
       Rpst.: Falchion   ||     7

Table legend: (Time is in decaauts)
 A = Elapsed time spent in this place.
 B = Non-inter-level travel time spent in this place.
 C = Inter-level travel time spent in this place.
 D = Time resting spent in this place.
 E = Time spent auto-exploring this place.
 F = Levels seen in this place.
 G = Mean time per level.
                   A        B        C        D        E       F      G
               +--------+--------+--------+--------+--------+-----+--------+
         Total |    379 |    374 |      5 |      0 |    277 |   2 |  189.5 |
       Dungeon |    379 |    374 |      5 |      0 |    277 |   2 |  189.5 |
               +--------+--------+--------+--------+--------+-----+--------+

Top non-repeatable levels by time:
     D:2: 346 daAuts
     D:1: 33 daAuts
